 Dungeon Crawl Stone Soup version 0.30.0-29-ga12c61a403 (webtiles) character file.

Game seed: 4219350277691923333

1943 qw the Cleaver (level 9, -1/55 HPs)
             Began as a Gargoyle Fighter on June 5, 2023.
             Was a Follower of Okawaru.
             Slain by a vampire (9 damage)
             ... on level 7 of the Dungeon.
             The game lasted 00:03:30 (7255 turns).

qw the Cleaver (Gargoyle Fighter)                   Turns: 7255, Time: 00:03:31

Health: -1/55      AC: 18    Str: 25    XL:     9   Next: 18%
Magic:  10/10      EV: 10    Int:  8    God:    Okawaru [*.....]
Gold:   163        SH:  4    Dex:  9    Spells: 8/8 levels left

rFire   + . .        Y - +1 war axe
rCold   . . .        c - +0 buckler
rNeg    + . .        l - +2 scale mail {rF+}
rPois   inf          j - +2 helmet
rElec   +            (no cloak)
rCorr   .            (no gloves)
SInv    .            (no boots)
Will    .....        (no amulet) Stlth
                     (no ring)
HPRegen 0.29/turn    (no ring)
MPRegen 0.12/turn

%: no passive effects
@: no status effects
A: sickness immunity, AC +6, negative energy resistance 1, electricity
resistance, torment resistance 1, petrification resistance
a: Renounce Religion, Heroism


You were on level 7 of the Dungeon.
You worshipped Okawaru.
Okawaru was aware of your devotion.
You visited 2 branches of the dungeon, and saw 8 of its levels.

You collected 403 gold pieces.
You spent 240 gold pieces at shops.


Innate Abilities, Weirdness & Mutations

You are immune to sickness and miasma.
Your stone body is resilient. (AC +6)
You are immune to poison.
You resist negative energy. (rN+)
You are resistant to electric shocks. (rElec)
You are resistant to unholy torment.
You are immune to petrification.


   Skills:
 - Level 6.0 Fighting
 - Level 9.5 Axes
 - Level 1.6 Throwing
 - Level 3.2 Armour
 - Level 1.0 Dodging
 + Level 3.5 Shields
 + Level 1.7 Invocations


You had 8 spell levels left.
You didn't know any spells.
Your spell library was empty.

Inventory:

Hand Weapons
 o - a +0 flail
 Y - a +1 war axe (weapon)
Missiles
 b - 2 boomerangs (quivered)
Armour
 c - a +0 buckler (worn)
 e - a +0 chain mail
 j - a +2 helmet (worn)
 l - a +2 scale mail of fire resistance (worn)
Scrolls
 i - a scroll of identify
Potions
 a - 4 potions of curing
 d - 2 potions of might
 f - a potion of attraction
 g - 2 potions of berserk rage {unknown}
 h - a potion of resistance
 k - a potion of magic
 m - a potion of haste {unknown}
 n - a potion of lignification

Dungeon Overview and Level Annotations

Branches:
Dungeon (7/15)             Temple (1/1) D:4

Altars:
Ashenzari
Cheibriados
Dithmenos
Fedhas
Gozag
Hepliaklqana
Kikubaaqudgha
Makhleb
Nemelex Xobeh
Okawaru
Qazlal
Ru
Sif Muna
Trog
Uskayaw
Vehumet
Wu Jian
Xom
Yredelemnul
Zin
The Shining One

Shops:
D:5 *


Message History

Enter note:
Enter note: You throw a boomerang.
The boomerang hits the vampire.
The vampire is lightly damaged.
You throw a boomerang.
The boomerang hits the vampire but does no damage.
The vampire is lightly damaged.
You throw a boomerang.
The boomerang hits the vampire but does no damage.
The vampire is lightly damaged.
You closely miss the vampire.
The vampire is lightly damaged.
The vampire hits you. The vampire barely misses you.
You slash the vampire!
The vampire is moderately damaged.
The vampire barely misses you.
The vampire bites you but does no damage.
You hit the vampire but do no damage.
The vampire is moderately damaged.
The vampire mumbles some strange words.
The vampire flickers and vanishes!
Deactivating autopickup; reactivate with Ctrl-A.
Something hits you but does no damage. Something bites you.
You closely miss something. Something hits you!
Something bites you but does no damage.
You hit something. Something hits you but does no damage.
Something bites you but does no damage.
You hit something. Something hits you but does no damage. Something bites you!
You closely miss something. Something hits you but does no damage.
Something bites you but does no damage.
You barely miss something. Something hits you but does no damage.
Something bites you!
You hit something but do no damage. You block something's attack.
Something bites you but does no damage.
You closely miss something. Something hits you! Something bites you.
You completely miss something. Something hits you but does no damage.
Something bites you!
You die...

#########.....#.##
##................#
#...##########....#
##..## ###.....##
##..## ###........#
##..##
###.....####..#
#...# ###.....###
#..# ######..##
#.....### #..#
.......##.....##@.#
... #####.......#
#.{..# ..
##....####.....#
#..### #.......#
#.## #........#
#.## #.........#
##..## #.........#
##....##
##........#
##......##


There were no monsters in sight!

Vanquished Creatures
  Joseph (D:7)
  Duvessa (D:7)
  A sky beast (D:6)
  An ogre (D:5)
  A centaur (D:6)
  3 kobold brigands
  2 scorpions (D:5)
  Dowan (D:7)
  3 hounds
  3 gnoll boudas
  2 orc priests (D:7)
  3 iguanas
  An orc wizard (D:5)
  2 sleepcaps
  7 adders
  26 gnolls
  3 shadow imps
  An ufetubus (D:6)
  4 worms
  3 dart slugs
  14 orcs
  7 bats
  6 endoplasms
  8 goblins
  5 hobgoblins
  3 jackals
  6 quokkas
  10 ball pythons
  3 frilled lizards
  50 kobolds
  3 rats
184 creatures vanquished.

Vanquished Creatures (others)
  A worm (D:4)
1 creature vanquished.

Grand Total: 185 creatures vanquished

Notes
Turn   | Place    | Note
-------+----------+-------------------------------------------
     0 | D:1      | qw the Gargoyle Fighter began the quest for the Orb.
     0 | D:1      | Reached XP level 1. HP: 14/14 MP: 1/1
     0 | D:1      | 0 ||| qw: Version: 0.2-a-108-gee2c290
     0 | D:1      | 0 ||| qw: Game counter: 1436
     0 | D:1      | 0 ||| qw: Always use a shield: true
     0 | D:1      | 0 ||| qw: God list: Okawaru
     0 | D:1      | 0 ||| qw: Allow faded altars: false
     0 | D:1      | 0 ||| qw: Do Orc after D:15 true
     0 | D:1      | 0 ||| qw: Do second Lair branch before Depths: true
     0 | D:1      | 0 ||| qw: Lair rune preference: random
     0 | D:1      | 0 ||| qw: Plans: Normal, Zot:1-4, Slime:5, God:TSO, Crypt,
                  | Tomb, Abyss, Pan, Hells, Win
     0 | D:1      | 0 ||| PLANNING D:1-11
    70 | D:1      | Reached skill level 2 in Axes
   168 | D:1      | Reached XP level 2. HP: 19/19 MP: 2/2
   229 | D:1      | 229 ||| Stepping ~*~*~tactically~*~*~ (stealth).
   255 | D:1      | 255 ||| Stepping ~*~*~tactically~*~*~ (stealth).
   256 | D:1      | 256 ||| Stepping ~*~*~tactically~*~*~ (stealth).
   257 | D:1      | 257 ||| Stepping ~*~*~tactically~*~*~ (stealth).
   274 | D:1      | 274 ||| Stepping ~*~*~tactically~*~*~ (hiding).
   332 | D:1      | Reached skill level 3 in Axes
   475 | D:1      | Reached XP level 3. HP: 23/23 MP: 3/3
   536 | D:1      | 536 ||| Stepping ~*~*~tactically~*~*~ (hiding).
   890 | D:1      | 890 ||| READING scroll labelled CAFINKURIT.
   891 | D:1      | 891 ||| READING 2 scrolls labelled XENOGA QAG UZXARI.
   892 | D:1      | 892 ||| DRINKING 2 green potions.
  1051 | D:2      | 1051 ||| Stepping ~*~*~tactically~*~*~ (stealth).
  1340 | D:2      | Reached XP level 4. HP: 22/28 MP: 4/4
  1669 | D:2      | 1669 ||| READING 2 scrolls labelled OSTRON JUITS.
  1670 | D:2      | 1670 ||| READING scroll labelled CIMMAE WAITORU.
  1671 | D:2      | 1671 ||| DROPPING scroll of fog.
  1702 | D:3      | 1702 ||| STAIRDANCE
  1710 | D:2      | Reached skill level 4 in Axes
  2109 | D:3      | 2109 ||| Stepping ~*~*~tactically~*~*~ (stealth).
  2175 | D:3      | Reached XP level 5. HP: 32/32 MP: 5/5
  2325 | D:3      | 2325 ||| Stepping ~*~*~tactically~*~*~ (hiding).
  2328 | D:3      | 2328 ||| Stepping ~*~*~tactically~*~*~ (hiding).
  2330 | D:3      | 2330 ||| Stepping ~*~*~tactically~*~*~ (hiding).
  2332 | D:3      | 2332 ||| Stepping ~*~*~tactically~*~*~ (hiding).
  2451 | D:3      | Noticed a kobold brigand
  2465 | D:3      | Killed a kobold brigand
  2466 | D:3      | Reached skill level 5 in Axes
  2530 | D:3      | Noticed a kobold brigand
  2543 | D:3      | Killed a kobold brigand
  2544 | D:3      | Reached XP level 6. HP: 26/39 MP: 6/6
  2635 | D:3      | Reached skill level 1 in Dodging
  2734 | D:3      | HP: 9/39 [gnoll/+0 spear (5)]
  3026 | D:3      | 3026 ||| DROPPING +0 mace.
  3198 | D:3      | Reached XP level 7. HP: 39/44 MP: 7/7
  3199 | D:3      | Reached skill level 6 in Axes
  3421 | D:3      | 3421 ||| READING scroll labelled LIEMUKHL SELA.
  3422 | D:3      | 3422 ||| READING scroll labelled NUASABYDIE.
  3426 | D:3      | 3426 ||| READING scroll labelled PEWNUKHLYFA.
  3427 | D:3      | 3427 ||| READING 3 scrolls of identify.
  3427 | D:3      | 3427 ||| IDENTIFYING blue potion
  3428 | D:3      | 3428 ||| READING 2 scrolls of identify.
  3428 | D:3      | 3428 ||| IDENTIFYING white potion
  3429 | D:3      | 3429 ||| DROPPING potion of brilliance.
  3573 | D:4      | Found a staircase to the Ecumenical Temple.
  3574 | D:4      | 3574 ||| PLANNING TEMPLE
  3628 | Temple   | Entered the Ecumenical Temple
  3673 | Temple   | 3673 ||| PLANNING OKAWARU WORSHIP
  3811 | Temple   | Became a worshipper of Warmaster Okawaru
  3811 | Temple   | 3811 ||| PLANNING D:1-11
  3829 | D:4      | 3829 ||| DROPPING +2 whip of venom.
  3883 | D:4      | 3883 ||| Stepping ~*~*~tactically~*~*~ (stealth).
  3885 | D:4      | 3885 ||| Stepping ~*~*~tactically~*~*~ (stealth).
  3892 | D:4      | 3892 ||| Stepping ~*~*~tactically~*~*~ (stealth).
  3893 | D:4      | 3893 ||| Stepping ~*~*~tactically~*~*~ (stealth).
  3949 | D:4      | Found a radiant altar of Vehumet.
  4034 | D:4      | 4034 ||| Stepping ~*~*~tactically~*~*~ (stealth).
  4406 | D:4      | 4406 ||| READING scroll labelled WUYCHY YBB.
  4407 | D:4      | 4407 ||| READING scroll labelled DIEDUHAZXU.
  4408 | D:4      | 4408 ||| READING scroll labelled AGGYCWIGUI.
  4409 | D:4      | 4409 ||| DRINKING 2 fizzy grey potions.
  4464 | D:4      | 4464 ||| READING 2 scrolls of identify.
  4464 | D:4      | 4464 ||| IDENTIFYING inky potion
  4508 | D:5      | Entered Level 5 of the Dungeon
  4717 | D:5      | Found an ancient bone altar of Kikubaaqudgha.
  4771 | D:5      | 4771 ||| Stepping ~*~*~tactically~*~*~ (hiding).
  4786 | D:5      | 4786 ||| FLEEEEING.
  4788 | D:5      | 4788 ||| FLEEEEING.
  4789 | D:5      | 4789 ||| FLEEEEING.
  4790 | D:5      | 4790 ||| FLEEEEING.
  4791 | D:5      | 4791 ||| DRINKING 4 potions of curing.
  4791 | D:5      | 4791 ||| (to cure confusion)
  4792 | D:5      | 4792 ||| DRINKING 3 potions of curing.
  4792 | D:5      | 4792 ||| (to cure confusion)
  4897 | D:5      | HP: 11/44 [ogre/+0 giant club (2)]
  4898 | D:5      | 4898 ||| DRINKING potion of heal wounds.
  4905 | D:5      | HP: 4/44 [ogre/+0 giant club (10)]
  4906 | D:5      | HP: 1/44 [ogre/+0 giant club (3)]
  4908 | D:5      | Reached skill level 7 in Axes
  5163 | D:5      | Reached XP level 8. HP: 37/49 MP: 8/8
  5252 | D:5      | 5252 ||| Stepping ~*~*~tactically~*~*~ (hiding).
  5260 | D:5      | Found Ropupn's General Store.
  5282 | D:5      | Reached * piety under Okawaru
  5283 | D:5      | 5283 ||| INVOKING Heroism.
  5284 | D:5      | 5284 ||| INVOKING Heroism.
  5285 | D:5      | 5285 ||| INVOKING Heroism.
  5402 | D:5      | 5402 ||| BUYING potion of attraction (36 gold).
  5402 | D:5      | Bought a potion of attraction for 36 gold pieces
  5402 | D:5      | 5402 ||| BUYING scroll of enchant armour (90 gold).
  5402 | D:5      | Bought a scroll of enchant armour for 90 gold pieces
  5402 | D:5      | 5402 ||| BUYING scroll of enchant armour (90 gold).
  5402 | D:5      | Bought a scroll of enchant armour for 90 gold pieces
  5402 | D:5      | 5402 ||| BUYING scroll of identify (24 gold).
  5402 | D:5      | Bought a scroll of identify for 24 gold pieces
  5522 | D:5      | 5522 ||| Stepping ~*~*~tactically~*~*~ (hiding).
  5730 | D:5      | 5730 ||| READING scroll labelled ICROTR YROMOENN.
  5734 | D:5      | 5734 ||| READING 2 scrolls of identify.
  5734 | D:5      | 5734 ||| IDENTIFYING glowing golden potion
  5808 | D:6      | Reached skill level 8 in Axes
  5865 | D:6      | 5865 ||| Stepping ~*~*~tactically~*~*~ (hiding).
  5867 | D:6      | 5867 ||| Stepping ~*~*~tactically~*~*~ (hiding).
  5874 | D:6      | 5874 ||| Stepping ~*~*~tactically~*~*~ (stealth).
  5882 | D:6      | 5882 ||| INVOKING Heroism.
  6147 | D:6      | Reached skill level 6 in Fighting
  6488 | D:6      | 6488 ||| UPGRADING to +0 helmet.
  6493 | D:6      | 6493 ||| UPGRADING to +2 scale mail of fire resistance.
  6503 | D:6      | 6503 ||| DROPPING +0 scale mail.
  6504 | D:6      | 6504 ||| READING 2 scrolls of enchant armour.
  6504 | D:6      | 6504 ||| ENCHANTING +0 helmet.
  6505 | D:6      | 6505 ||| READING scroll of enchant armour.
  6505 | D:6      | 6505 ||| ENCHANTING +1 helmet.
  6506 | D:6      | 6506 ||| READING scroll labelled RIETWO VONAMEN.
  6582 | D:7      | 6582 ||| INVOKING Heroism.
  6634 | D:7      | Noticed Joseph
  6635 | D:7      | 6635 ||| Stepping ~*~*~tactically~*~*~ (hiding).
  6639 | D:7      | 6639 ||| INVOKING Heroism.
  6647 | D:7      | HP: 10/51 [Joseph/+0 quarterstaff (3)]
  6655 | D:7      | HP: 9/51 [Joseph/+0 quarterstaff (3)]
  6656 | D:7      | Killed Joseph
  6657 | D:7      | Reached skill level 9 in Axes
  6657 | D:7      | Reached XP level 9. HP: 10/55 MP: 7/9
  6836 | D:7      | 6836 ||| INVOKING Heroism.
  6844 | D:7      | Reached skill level 1 in Invocations
  6890 | D:7      | Noticed Dowan
  6891 | D:7      | 6891 ||| Stepping ~*~*~tactically~*~*~ (hiding).
  6893 | D:7      | 6893 ||| INVOKING Heroism.
  6894 | D:7      | Noticed Duvessa
  6898 | D:7      | Killed Dowan
  6910 | D:7      | 6910 ||| INVOKING Heroism.
  6911 | D:7      | Killed Duvessa
  6912 | D:7      | Reached skill level 1 in Throwing
  7254 | D:7      | HP: 8/55 [something (6)]
  7255 | D:7      | Slain by a vampire

Levels and vault maps discovered:
D:1:      giann_wishing_wells, layout_basic
D:2:      layout_basic
D:3:      minmay_goblin_kobold_castle, layout_basic
D:4:      layout_basic, fiery_altar_vehumet, minmay_temple_entry_offerings,
          minivault_5
D:5:      layout_loops_cross, marbit_many_paths, serial_shops,
          nicolae_shop_tiny_real_fake_doors, minmay_fractal_squares_gapless_5
D:6:      layout_rooms, corexii_hall_statues_l
D:7:      layout_cave_pods, uniq_joseph, uniq_duvessa
Temple:   nicolae_temple_bog_church

Skill      XL: |  1  2  3  4  5  6  7  8  9 |
---------------+----------------------------+-----
Axes           | 2 3 4 5 7 9 |  9.5
Fighting       | 4 5 6 |  6.0
Dodging        | 1 |  1.0
Invocations    | 1 |  1.7
Throwing       | 1 |  1.6
Armour         | |  3.2
Shields        | |  3.5

Action                     |  1- 3 |  4- 6 |  7- 9 || total
---------------------------+-------+-------+-------++-------
  Melee: War axe           |   116 |   209 |   317 ||   642
  Throw: Boomerang         |       |       |     5 ||     5
 Invoke: Heroism           |       |       |     7 ||     7
    Use: Scroll            |     2 |     2 |    14 ||    18
         Potion            |     1 |       |     4 ||     5
 Armour: Scale mail        |    50 |   149 |   183 ||   382
  Dodge: Dodged            |    58 |   114 |   116 ||   288
  Block: Buckler           |    25 |    57 |    61 ||   143

Table legend:
 A = Non-vault XP
 B = Vault XP
 C = Vault XP percentage of total XP
 D = Non-vault monster count
 E = Vault monster count
 F = Vault count percentage of total count
                 A         B        C        D         E       F
            +---------+---------+-------+---------+---------+-------
      Total |    1390 |    1387 |  49.9 |     120 |      64 |  34.8
            +---------+---------+-------+---------+---------+-------
        D:1 |      47 |       0 |   0.0 |      27 |       0 |   0.0
        D:2 |      57 |       0 |   0.0 |      12 |       0 |   0.0
        D:3 |      64 |     467 |  87.9 |      15 |      55 |  78.6
        D:4 |      39 |       0 |   0.0 |      17 |       0 |   0.0
        D:5 |     428 |     269 |  38.6 |      20 |       6 |  23.1
        D:6 |     502 |       0 |   0.0 |      14 |       0 |   0.0
        D:7 |     253 |     651 |  72.0 |      15 |       3 |  16.7
            +---------+---------+-------+---------+---------+-------
